[Event "3rd Sharjah Challengers 2023"]
[Site "Sharjah"]
[Date "2023.05.24"]
[Round "8.5"]
[White "Sivuk, Vitaly"]
[Black "Zaibi, Amir"]
[Result "1-0"]
[ECO "D38"]
[WhiteElo "2489"]
[BlackElo "2393"]
[Annotator "TA"]
[PlyCount "83"]
[EventDate "2023.05.16"]
[EventType "swiss"]
[EventCountry "UAE"]
[SourceTitle "playchess.com"]
[Source "ChessBase"]
[SourceQuality "1"]
[TimeControl "5400+30"]

1. Nf3 d5 2. d4 Nf6 3. c4 e6 4. Nc3 Bb4 5. Bg5 h6 6. Bxf6 Qxf6 7. e3 Nd7 {[%emt 0:03:20] D38: Queen's Gambit Declined: Ragozin Defence (4 Nf3 Bb4).} 8. Qb3 c5 9. cxd5 exd5 {[%emt 0:00:12] White is better.} 10. Bb5 O-O 11. O-O Bxc3 12. Qxc3 c4 $1 13. b3 {[%emt 0:02:47] [#]} Nb6 $146 (13... a6 $5 14. Bxd7 Bxd7 $11) ({Predecessor:} 13... Nc5 14. bxc4 Ne4 15. Qc1 Nd6 16. Ne5 a6 17. Bd7 Nxc4 18. Nxc4 dxc4 19. Ba4 b5 {0-1 Kuznetsov,M (1947)-Palachev,P (2372) Chigorin Memorial 25th 2017 (1)}) 14. bxc4 Bg4 (14... a6 $11 15. c5 axb5 16. cxb6 Qxb6) 15. Ne5 $16 Be2 16. Rfb1 {[%emt 0:06:17] [#] c5 is the strong threat.} (16. Rfc1 $5) 16... Bxc4 17. a4 Rfc8 {[%emt 0:02:22] ...Bxb5 would be deadly.} 18. Qe1 Rc7 $1 19. a5 Nc8 20. Nd7 Qe7 {[%emt 0:01:59] Hoping for ...Bxb5.} 21. Bxc4 Rxc4 (21... dxc4 $11 22. Nc5 Nd6) 22. Ne5 (22. Nc5 $5 ) 22... Rc7 23. Nd3 Qe8 {[%emt 0:04:09] Wards off Rb5} ({Black should try} 23... Nd6 $14) 24. Qb4 $36 {[%emt 0:01:02][%mdl 2048] Keeping Black busy.} b6 25. Qb5 Qd8 26. Nf4 Rd7 27. g3 Rb8 28. h4 Rbb7 29. Rc1 bxa5 30. Qxa5 Nb6 31. Rc5 Rbc7 32. Qb5 g6 33. Rac1 {[%emt 0:00:36] White is much more active.} Rb7 34. Rc6 Kg7 $2 {[%emt 0:00:12][%mdl 8192] [#] This costs Black the game.} (34... Nc4 $2 35. Qc5 Rbc7 36. Rxc7 Rxc7 37. Qxd5 $18) (34... Rbc7 $16 {is tougher.} 35. R6c5 Rb7) 35. Rxg6+ $3 $18 {[%emt 0:00:26][%mdl 576] Deflection} Kh7 36. Rgc6 Qf8 (36... Nc4 $142 37. Qa4 Rd6 38. Nxd5 {[%mdl 64] Remove Defender} Rxd5 39. Qxc4 Qd7) 37. Qd3+ f5 38. Ng6 Qf7 39. Ne5 {[%emt 0:00:09][%csl LRd7,LRf7] Black is weak on the dark squares} Qh5 40. Nxd7 Rxd7 41. Rf6 Rf7 42. Rcc6 {[%emt 0:00:11] Weighted Error Value: White=0.08 (flawless) /Black=0.31} 1-0

[Event "3rd Sharjah Challengers 2023"]
[Site "Sharjah"]
[Date "2023.05.24"]
[Round "8.6"]
[White "Rios, Cristhian Camilo"]
[Black "Liyanage, Ranindu Dilshan"]
[Result "0-1"]
[ECO "E04"]
[WhiteElo "2469"]
[BlackElo "2342"]
[Annotator "TA"]
[PlyCount "45"]
[EventDate "2023.05.16"]
[EventType "swiss"]
[EventCountry "UAE"]
[SourceTitle "playchess.com"]
[Source "ChessBase"]
[SourceQuality "1"]
[TimeControl "5400+30"]

1. d4 d5 2. c4 e6 3. Nf3 Nf6 4. g3 dxc4 5. Bg2 Bb4+ 6. Bd2 a5 7. a3 {[%emt 0:00:28] E04: Open Catalan: 5 Nf3.} Bxd2+ 8. Nbxd2 b5 9. b3 $1 {[%emt 0:00:27] The position is equal.} cxb3 10. Qxb3 c6 11. O-O O-O 12. Qb2 Nbd7 13. Ne1 {[%emt 0:01:40] [#]} Ba6 $146 ({Predecessor:} 13... Qb6 14. Nd3 Ba6 15. Rfc1 Rfc8 16. Nb3 b4 17. axb4 axb4 18. Nbc5 Nxc5 19. Nxc5 Nd5 {1-0 Bosiocic,M (2624)-Melkumyan,H (2633) Wch Rapid Riadh 2017 (2)}) 14. Bxc6 Rb8 15. Bf3 e5 16. Nd3 $14 {[%emt 0:04:35] White is more active.} exd4 17. Qxd4 b4 18. axb4 Bxd3 19. exd3 axb4 20. Nb3 Nb6 21. Ra6 Qd7 {[%emt 0:51:03] [#]} 22. Qd6 $2 Qxd6 $19 23. Nd4 {[%emt 0:50:08] Weighted Error Value: White=0.52/Black=0.09 (flawless)} 0-1

[Event "3rd Sharjah Challengers 2023"]
[Site "Sharjah"]
[Date "2023.05.24"]
[Round "8.7"]
[White "Badelka, Olga"]
[Black "Vandenbussche, Thibaut"]
[Result "0-1"]
[ECO "C41"]
[WhiteElo "2406"]
[BlackElo "2437"]
[Annotator "TA"]
[PlyCount "102"]
[EventDate "2023.05.16"]
[EventType "swiss"]
[EventCountry "UAE"]
[SourceTitle "playchess.com"]
[Source "ChessBase"]
[SourceQuality "1"]
[TimeControl "5400+30"]

1. e4 d6 2. d4 Nf6 3. Nc3 e5 4. Nf3 Nbd7 5. Bc4 Be7 6. O-O O-O 7. a4 exd4 {[%emt 0:00:37] C41: Philidor Defence.} 8. Qxd4 Nb6 9. Ba2 a5 {[%emt 0:00:13] The position is equal.} 10. h3 Nfd7 11. Be3 Bf6 12. Qd2 Bxc3 13. Qxc3 Nxa4 {[%emt 0:00:16] [#]} 14. Bxf7+ $1 {[%emt 0:09:59][%mdl 64] Discovered Attack} Rxf7 15. Rxa4 {[%emt 0:00:03] [#]} h6 $146 {[%emt 0:08:37] Prevents Ng5} ({Predecessor:} 15... Rxf3 16. gxf3 Ne5 17. Bf4 Bxh3 18. Rfa1 Ng6 19. Bg3 b6 20. b4 Bd7 21. R4a3 a4 {0-1 Duzhakov,I (2404)-Sitnikov,A (2410) St Petersburg  North-West Cup-A 2018 (7)}) 16. Rd1 Qe8 17. Rad4 {[%emt 0:06:00] [#]} (17. Qxc7 $2 Ne5 $19) (17. Rc4 $11 c5 18. Rxd6) 17... Rxf3 $1 $15 18. gxf3 Ne5 $1 19. Bf4 {[%emt 0:08:36] Threatens to win with Bxe5.} (19. Qxc7 $2 Bxh3 20. Rxd6 (20. Qxd6 $2 Qh5 $19) 20... Qh5 $19) 19... Bxh3 20. Rd5 (20. Qxc7 $2 Qh5 21. Bxe5 dxe5 $19) 20... Qg6+ $1 21. Bg3 Rf8 $1 22. Rxe5 (22. Rxa5 $2 Rxf3 23. Qe1 Rxg3+ 24. fxg3 Nf3+ 25. Kf2 Nxe1 $19) (22. Qxc7 Nxf3+ 23. Kh1 Qxe4 24. R5d3 Ne5+ 25. f3 Rxf3) 22... dxe5 23. Qxe5 Rxf3 {[%emt 0:01:17] Hoping for ...Qg4.} 24. Rd8+ ({White should play} 24. Rd3 Qg4 25. Qxc7) 24... Kh7 $17 {[%emt 0:00:08] ...Qa6 is the strong threat.} 25. Kh2 $2 {[%emt 0:00:58] [#]} (25. Qxc7 Qxe4 26. Qe5 Qxc2 27. Qd5) 25... Qg4 $1 $19 26. Kg1 Rf7 $2 (26... a4 $19 {has better winning chances.} 27. Rd5 (27. Qe8 {leads to mate.} Rxg3+ 28. Kh2 Rg2+ 29. Kh1 Rg1+ 30. Kh2 Qg2#) 27... a3 28. bxa3 Rf6) 27. Qd5 $17 (27. Qe8 {gets mated.} Qf3 28. Qh8+ Kg6) 27... Qe2 {[%emt 0:04:25] ( -> ...Qf1+)} 28. Kh2 {[%emt 0:01:07] [#]} Qf1 $1 29. e5 c6 $40 {[%emt 0:04:12][%mdl 128] White is in trouble. Some like it hot} 30. Qd3+ Qxd3 31. Rxd3 {[%emt 0:00:21][%mdl 4096] Endgame KRB-KRB} Bf5 32. Ra3 b6 33. c3 Be6 {[%emt 0:00:46] Black is more active.} 34. f4 $2 {[%emt 0:02:04] White does not recover from this.} (34. Ra1 $17 {is a better defense.}) 34... Rd7 $19 35. b4 $2 (35. Kg1) 35... Rd2+ 36. Kg1 Rd3 37. bxa5 Rxg3+ {[%emt 0:00:08] KRB-KR} 38. Kf2 Rg4 39. axb6 {[%emt 0:00:25] And now b7 would win.} Rxf4+ 40. Ke3 Rf8 41. Kd4 h5 {[%emt 0:02:01][%cal Bh6h5,Bh5h4,Bh4h3,Bh3h2][%mdl 32] ...h4 would be deadly.} 42. Kc5 h4 43. b7 $2 {[%emt 0:03:50] [#]} (43. Kd6 Bd5 44. b7) 43... Rb8 $1 44. Kxc6 h3 {[%emt 0:00:51] White must now prevent ...g5.} 45. c4 g5 {[%emt 0:00:34][%cal Bg7g5,Bg5g4,Bg4g3][%mdl 32] Black mates.} ({Stronger than} 45... Bxc4 46. Rxh3+ Kg6 47. Kc7 $11) 46. c5 h2 47. Ra1 g4 48. Kd6 {[%emt 0:01:55] [#]} Rxb7 $1 49. c6 (49. Kxe6 g3) 49... Rg7 50. Rh1 {[%emt 0:00:37] [#]} g3 $1 51. Kxe6 (51. c7 Kg6) 51... Kg6 {[%emt 0:00:29] Beautiful play by Vandenbussche!   Weighted Error Value: White=0.70/Black=0.16 (very precise)} 0-1

[Event "3rd Sharjah Challengers 2023"]
[Site "Sharjah"]
[Date "2023.05.24"]
[Round "8.8"]
[White "Saydaliev, Saidakbar"]
[Black "Lim, Zhuo Ren"]
[Result "1-0"]
[ECO "A17"]
[WhiteElo "2434"]
[BlackElo "2294"]
[Annotator "TA"]
[PlyCount "43"]
[EventDate "2023.05.16"]
[EventType "swiss"]
[EventCountry "UAE"]
[SourceTitle "playchess.com"]
[Source "ChessBase"]
[SourceQuality "1"]
[TimeControl "5400+30"]

1. c4 Nf6 2. Nf3 e6 3. Nc3 d5 4. e3 c5 5. cxd5 exd5 6. Bb5+ {[%emt 0:00:09] A17: English Opening: 1...Nf6 with ...Bb4.} Nc6 7. Ne5 Bd7 8. Bxc6 {[%emt 0:02:49] [#] White has an edge.} Bxc6 $146 ({Predecessor:} 8... bxc6 9. Nxd7 Nxd7 10. O-O Bd6 11. b3 O-O 12. Qc2 Re8 13. h3 Re6 14. Ba3 Qe7 {½-½ Gatterer,F (2359)-Khairullin,R (2331) WS MN/179 email 2018}) 9. Nxc6 bxc6 10. b3 Bd6 11. O-O h5 (11... O-O $14) 12. f4 h4 13. Bb2 h3 14. g3 O-O 15. Rc1 Qe7 16. Qf3 Rab8 17. g4 c4 18. g5 Ne4 {[%emt 0:11:26] This move loses the game for Black.} (18... Nh7 $1 $14) 19. Nxe4 $18 (19. Qxh3 Nxd2 20. Rf2 Bc5 $11) 19... dxe4 20. Qh5 (20. Qxh3 cxb3 21. axb3 (21. Rxc6 bxa2 22. Rc2 Rb3 $16) 21... Rxb3) 20... Ba3 $2 {[%emt 0:09:10] [#]} (20... cxb3 21. f5 (21. Rxc6 bxa2 22. Bd4 Rb1 $17) 21... Qd7 22. g6 fxg6 23. fxg6 $18) (20... Rb5 21. Rxc4 (21. bxc4 $2 {too greedy.} Rxb2 22. Rf2 Bb4 $19) 21... Qe6) 21. f5 $1 {[%emt 0:03:42][%cal Og5g6] g6! is the strong threat.} Rb5 {[%emt 0:08:48] [#]} (21... Bxb2 22. g6) 22. Bxg7 $1 {[%emt 0:01:18][%mdl 576] Remove Defender, Decoy.   Weighted Error Value: White=0.06 (flawless) /Black=0.65} 1-0

[Event "3rd Sharjah Challengers 2023"]
[Site "Sharjah"]
[Date "2023.05.24"]
[Round "8.9"]
[White "Bai, Adelard"]
[Black "Mkrtchyan, Mariam"]
[Result "1-0"]
[ECO "E08"]
[WhiteElo "2409"]
[BlackElo "2360"]
[Annotator "TA"]
[PlyCount "109"]
[EventDate "2023.05.16"]
[EventType "swiss"]
[EventCountry "UAE"]
[SourceTitle "playchess.com"]
[Source "ChessBase"]
[SourceQuality "1"]
[TimeControl "5400+30"]

1. d4 Nf6 2. c4 e6 3. Nf3 d5 4. g3 Bb4+ 5. Bd2 Be7 6. Bg2 O-O 7. O-O c6 8. Qc2 Nbd7 9. Bf4 a5 10. Nbd2 {[%emt 0:03:19] E08: Closed Catalan: Main Line: 7 Qc2.} Nh5 11. Be3 b6 12. cxd5 {[%emt 0:03:29] The position is equal.} cxd5 13. Ne5 Bb7 14. Nc6 Qe8 15. Nxe7+ Qxe7 16. Rfc1 {[%emt 0:00:43] [#]} f5 $146 ({Predecessor:} 16... Rfc8 17. Qd1 Nhf6 18. Rxc8+ Rxc8 19. Rc1 Qd8 20. Bf4 Ba6 21. Bf1 h6 22. h4 Nf8 {½-½ Deac,B (2679)-Bluebaum,M (2642) Titled Tuesday intern op 15 Mar Late blitz 2022 (7)}) 17. Nf3 Rfc8 {[%emt 0:06:45] Against Qc7} 18. Qd1 Nhf6 19. Bf4 Ne8 20. Qd3 h6 21. Ne5 Nxe5 (21... Nef6 $14) 22. dxe5 $16 (22. Bxe5 Nf6 $14) 22... Rxc1+ 23. Rxc1 (23. Bxc1 Ba6 24. Qd4 Qc5 $14) 23... Ba6 {[%emt 0:00:43] Black is weak on the dark squares} 24. Qd4 Qb7 {[%emt 0:00:45] Against Rc6} 25. Bf3 Rb8 26. h4 {[%emt 0:03:52] White is more active.} Bb5 27. g4 (27. a4 $142 Bd7 28. g4 fxg4 29. Bxg4) 27... Qf7 (27... fxg4 $142 28. Bxg4 Qf7) 28. Kh2 (28. gxf5 $1 $16 Qxf5 29. b3) 28... Kh8 ({Black should play} 28... fxg4 $14 29. Bxg4 Kh8) 29. Be3 Bd7 (29... fxg4 $16 30. Qxg4 (30. Bxg4 Qe7 $16) 30... Bd7) 30. Rg1 (30. Qf4 $1 $18) 30... Nc7 (30... fxg4 $1 $14 31. Rxg4 (31. Qxg4 Nc7 $14) 31... Nc7) 31. g5 hxg5 32. Rxg5 ({Don't take} 32. Bxg5 Na6) ({White should try} 32. hxg5 $16 {White threatens Qh4+ and mate.} g6 33. Rc1) 32... Be8 $14 33. Qf4 Na6 34. Bh5 Qe7 35. Qf3 Kh7 (35... Nc5 {simplifies} 36. Bxe8 Qxe8 37. Rg1 Kh7) 36. Qg3 Rb7 {[%emt 0:04:45] [#]} 37. Bxb6 $1 a4 38. a3 g6 $2 ({Weaker is} 38... Rxb6 39. Bxe8 Rb8 40. Bg6+ (40. Bxa4 Nc5 $11) 40... Kg8 41. Qf3 $16) (38... Bxh5 $14 39. Rxh5+ Kg8) 39. Bxg6+ $18 Bxg6 40. Rxg6 Rxb6 {[%emt 0:00:05] [#]} 41. Rg5 $2 (41. h5 $1 $18 {[%cal Og6h6] Threatening mate with Rh6+!} Qf8 42. h6) 41... Qf7 $14 {[%emt 0:00:13] Strongly threatening ...Nc5.} (41... Rxb2 $2 42. Rh5#) 42. Qf3 {[%emt 0:00:13][%mdl 1024] Rh5+ is the strong threat. White has compensation.} Rb8 $1 (42... Rxb2 $2 43. Rh5+ Kg8 44. Qg3+ Qg7 45. Rg5 $18) 43. Rh5+ $40 {[%emt 0:00:46][%cal Bg5h5,Bh5h6,Bh6g6][%mdl 160] White mounts an attack.} Kg7 $1 (43... Kg8 $2 44. Rh6 $18) 44. Qg3+ Kf8 45. Rh6 Ke7 {[%emt 0:00:58][%mdl 8192] [#]} (45... Rxb2 $2 46. Rf6 Rb7 47. Qg6 $18) (45... Qg8 $14) 46. Rg6 $1 $18 {[%emt 0:00:13] Rg7 would be deadly. White is clearly winning.} Rf8 47. Rg7 Nc5 48. Qg5+ Ke8 49. Rxf7 Rxf7 {[%emt 0:00:00][%mdl 4096] Endgame KQ-KRN} 50. Qg6 Ke7 51. h5 Nd7 52. Qg5+ Ke8 53. h6 Nxe5 54. Qg8+ Ke7 55. h7 {[%emt 0:00:08] Weighted Error Value: White=0.28 (precise) /Black=0.18 (very precise)} 1-0

[Event "3rd Sharjah Challengers 2023"]
[Site "Sharjah"]
[Date "2023.05.25"]
[Round "9.1"]
[White "Ohanyan, Emin"]
[Black "Fawzy, Adham"]
[Result "1/2-1/2"]
[WhiteElo "2444"]
[BlackElo "2495"]
[Annotator "TA"]
[PlyCount "35"]
[EventDate "2023.05.16"]
[EventType "swiss"]
[EventCountry "UAE"]
[SourceTitle "playchess.com"]
[Source "ChessBase"]
[SourceQuality "1"]
[TimeControl "5400+30"]

1. d4 Nf6 2. c4 g6 3. Nc3 d5 4. cxd5 Nxd5 5. e4 Nxc3 6. bxc3 Bg7 7. Be3 c5 8. Nf3 Bg4 9. Qa4+ {[%emt 0:00:30] [#]} ({Worse is} 9. dxc5 Bxc3+ 10. Bd2 Bxa1 11. Qxa1 f6 $17) {Predecessor:} 9... Nd7 $146 {D85: Exchange Grünfeld: Unusual White 7th moves and lines with 7 Nf3.} 10. Be2 O-O 11. Rd1 cxd4 12. cxd4 Nf6 13. d5 b5 14. Qc2 Rc8 15. Qb1 Qa5+ 16. Bd2 Qa4 17. h3 Bxf3 18. gxf3 {0-1 Yilmaz,M (2634)-Paravyan,D (2620) Chess.com Rapid Wk19 Swiss 2022 (1)} 1/2-1/2

[Event "3rd Sharjah Challengers 2023"]
[Site "Sharjah"]
[Date "2023.05.25"]
[Round "9.2"]
[White "Burmakin, Vladimir"]
[Black "Hesham, Abdelrahman"]
[Result "1-0"]
[ECO "A46"]
[WhiteElo "2496"]
[BlackElo "2409"]
[Annotator "TA"]
[PlyCount "77"]
[EventDate "2023.05.16"]
[EventType "swiss"]
[EventCountry "UAE"]
[SourceTitle "playchess.com"]
[Source "ChessBase"]
[SourceQuality "1"]
[TimeControl "5400+30"]

1. d4 Nf6 2. Nf3 c5 3. e3 e6 4. Be2 b6 5. O-O Bb7 6. c4 {[%emt 0:01:02] A46: 1 d4 Nf6 2 Nf3 e6: Torre, London and Colle Systems.} cxd4 7. exd4 Nc6 (7... Be7 $11) 8. Nc3 {[%emt 0:20:09] [#]} (8. d5 $1 $14 Na5 9. Bd3) 8... Ne7 $146 {[%emt 0:30:23] [#]} (8... Bb4 $11 {remains equal.}) ({Predecessor:} 8... Bd6 9. a3 Rc8 10. b4 Bb8 11. Re1 Qc7 12. Nb5 Qd8 13. c5 a6 14. Nd6+ Bxd6 15. cxd6 {0-1 Cornelis,L-Janssens,S Antwerp League-ch op 1999}) 9. d5 $1 $16 Ng6 (9... Qb8 10. Nb5) 10. dxe6 (10. d6 $16) 10... fxe6 $11 11. Ng5 Bc5 12. Bd3 O-O 13. Nce4 (13. Qc2 {looks sharper.} Ng4 14. Bxg6 hxg6 15. Qxg6 Rxf2 16. Rxf2 Bxf2+ 17. Kh1) 13... Nxe4 14. Nxe4 Nf4 (14... Be7 $11) 15. Bxf4 $1 $14 Rxf4 16. Nxc5 bxc5 17. Qh5 Rh4 (17... Qh4 $14 18. Bxh7+ Kf8 19. Qxh4 (19. Qxc5+ Kf7 $11) 19... Rxh4) 18. Qxc5 $16 {[%emt 0:00:59] White is more active.} Qf6 {[%emt 0:00:07][%cal Ob7g2] aiming for ...Bxg2!} 19. Qe3 Rf8 (19... Qxb2 $2 20. Rab1 Qd4 21. Rxb7 $18) 20. b3 Rh5 21. Rae1 Qh4 22. Qg3 Qd4 23. Rd1 Qf6 {[%emt 0:00:38] Hoping for ...Rg5.} 24. f3 (24. f4 $18) 24... Rg5 {[%emt 0:00:48] [#]} 25. Qh3 h6 {[%emt 0:00:37] [#]} 26. Be4 $1 {[%emt 0:01:01][%mdl 64] Discovered Attack} d5 $2 {[%emt 0:00:12][%mdl 8192] This costs Black the game.} (26... Qd8 $16 {was called for.} 27. f4 (27. Bxb7 Qb6+ 28. Kh1 Qxb7 $16) 27... Qb6+ 28. Kh1 Rc5) 27. f4 $18 Rh5 (27... Rg6 $142) 28. Qxh5 {[%emt 0:00:29] White is clearly winning.} dxe4 29. Qe5 Qg6 30. Rd6 Rf6 31. Rd8+ Kh7 32. Qb8 Qf7 33. Rh8+ Kg6 34. Qe8 (34. g4 $142) 34... e3 35. Qxf7+ Rxf7 36. Re1 e5 37. fxe5 Rf2 38. Rxe3 Rxg2+ 39. Kf1 {[%emt 0:00:12] Weighted Error Value: White=0.14 (very precise) /Black=0.52} 1-0

[Event "3rd Sharjah Challengers 2023"]
[Site "Sharjah"]
[Date "2023.05.25"]
[Round "9.3"]
[White "Sibashvili, Giorgi"]
[Black "Sivuk, Vitaly"]
[Result "1-0"]
[ECO "A30"]
[WhiteElo "2408"]
[BlackElo "2489"]
[Annotator "TA"]
[PlyCount "127"]
[EventDate "2023.05.16"]
[EventType "swiss"]
[EventCountry "UAE"]
[SourceTitle "playchess.com"]
[Source "ChessBase"]
[SourceQuality "1"]
[TimeControl "5400+30"]

1. b3 c5 2. Bb2 Nc6 3. c4 d6 4. g3 e5 5. Bg2 Nge7 6. Nc3 {[%emt 0:02:01] A30: Symmetrical English: Double Fianchetto and Hedgehog.} g6 7. Nf3 Bg7 8. O-O {[%emt 0:00:33] The position is equal.} O-O 9. d3 h6 10. Nd2 Be6 11. a3 Qd7 {[%emt 0:09:06] 11...d5 might become the main line.} 12. Nd5 Bh3 13. Bxh3 Qxh3 14. b4 Qd7 15. Qa4 {[%emt 0:10:01] [#]} Rfd8 $146 ({Predecessor:} 15... Rae8 16. Qb5 a6 17. Qb6 cxb4 18. axb4 Nxd5 19. cxd5 Nd4 20. Bxd4 exd4 21. Ne4 Re7 {½-½ Kahl,F (2356)-Sorcinelli,A (2219) RA-2019-0-00645}) 16. Rfb1 f5 17. Bc3 Nd4 18. Qxd7 Rxd7 19. Bxd4 Nxd5 20. bxc5 (20. cxd5 {simplifies} cxd4 21. a4 Rc8 22. Nc4) 20... dxc5 21. cxd5 {[%emt 0:00:51] [#] Bc3 would be deadly.} (21. Bxc5 Nc3 22. Re1 e4 $15) 21... exd4 22. Rb5 Re8 23. Kf1 Bf8 24. Nc4 Rc8 25. Rab1 Rcc7 26. a4 g5 27. f4 gxf4 28. gxf4 b6 29. Kf2 Rxd5 30. a5 bxa5 31. Rxa5 Rd8 32. Ra6 {[%emt 0:00:53][%mdl 1024] White has strong compensation.} Re8 33. Rf6 Rce7 34. Rb2 (34. Rxf5 $6 Rxe2+ 35. Kf3 Re1 36. Rxe1 Rxe1 $11) 34... Rf7 35. Rc6 Rg7 36. Ne5 (36. Rxh6 $6 Rg4 37. Rh5 Rxf4+ 38. Ke1 Kg7 $11) 36... Kh7 37. Rf6 Ra8 38. Ra2 a5 39. Nc4 (39. Rxf5 a4 $14) (39. Ra4 $16) 39... Rga7 (39... a4 $11) 40. Ra4 $16 Ra6 41. Rxf5 {[%emt 0:00:36] White has more active pieces.} Kg7 42. Rd5 R8a7 43. Kf3 Rf6 44. f5 (44. Rxa5 $6 Raf7 $11) 44... Rfa6 45. Rd8 Be7 46. Rb8 Bd6 (46... Rf6 $142) 47. Rb5 Bxh2 48. Rxc5 Kf6 49. Rd5 (49. Raxa5 $6 Rxa5 50. Nxa5 Rg7 $14) ({White should play} 49. Nd2) 49... Rg7 50. Rxd4 ({Much less strong is} 50. Raxa5 Rg3+ 51. Kf2 Rxa5 52. Rxa5 Rg5 $14) (50. Ra1 $16 {[%cal Oa1h1] Hoping for Rh1!} Rg3+ 51. Kf2) 50... Kxf5 {[%emt 0:00:17] [#]} (50... Rg3+ $11 {remains equal.} 51. Kf2 Rg5) 51. Rd5+ ({Don't take} 51. Nxa5 Rg3+ 52. Kf2 Kg5 $14) (51. Rh4 $1 $16 Bc7 52. e4+ Kg6 53. e5) 51... Kg6 $14 52. Raxa5 Rf6+ 53. Ke4 Re7+ 54. Ne5+ Kg5 (54... Bxe5 $11 55. Rxe5 Rxe5+ 56. Rxe5 Rf8) 55. d4 ({Better is} 55. Kd4 $16 Bxe5+ 56. Rxe5+ Rxe5 57. Rxe5+ Kg4 58. Re8) 55... Rfe6 $11 56. Ra8 {[%emt 0:00:45] Rg8+ is the strong threat.} Bxe5 57. Rxe5+ Rxe5+ 58. dxe5 {[%emt 0:00:03][%cal Bd4e5,Be5e6,Be6e7][%mdl 4128] Endgame Threatens to win with Rg8+. KR-KR} Kg6 59. Kd5 h5 60. e6 Rb7 $2 (60... Kf6 $11) 61. Kc6 $18 {[%emt 0:00:53] White is clearly winning.} Rb2 62. e7 Rc2+ 63. Kd5 Rd2+ 64. Kc4 {[%emt 0:00:10] Weighted Error Value: White=0.14 (very precise) /Black=0.15 (very precise)} 1-0

[Event "3rd Sharjah Challengers 2023"]
[Site "Sharjah"]
[Date "2023.05.25"]
[Round "9.4"]
[White "Nigmatov, Ortik"]
[Black "Bai, Adelard"]
[Result "1-0"]
[ECO "C58"]
[WhiteElo "2438"]
[BlackElo "2409"]
[Annotator "TA"]
[PlyCount "87"]
[EventDate "2023.05.16"]
[EventType "swiss"]
[EventCountry "UAE"]
[SourceTitle "playchess.com"]
[Source "ChessBase"]
[SourceQuality "1"]
[TimeControl "5400+30"]

1. e4 e5 2. Nf3 Nc6 3. Bc4 Nf6 4. Ng5 d5 5. exd5 Na5 6. Bb5+ c6 7. dxc6 bxc6 8. Bd3 Nd5 {[%emt 0:00:30] C58: Two Knights: 4 Ng5 d5 5 exd5 Na5 sidelines.} 9. h4 (9. Qh5 g6 10. Nxf7 gxh5 $17) 9... Nf4 10. Bf1 h6 {[%emt 0:00:30] White is slightly better.} 11. Ne4 Bf5 12. Nbc3 {[%emt 0:00:30][%cal Od2d4] [#]} Be7 $146 {[%emt 0:00:30] Against d4} ({Predecessor:} 12... Bb4 13. g3 Nd5 14. Bg2 Nc4 15. O-O O-O 16. d3 Nd6 17. Nxd6 Qxd6 18. Bd2 Nxc3 19. Bxc3 Bxc3 20. bxc3 {0-1 Sadhwani,R (2434)-Guimaraes,W (2240) Titled Tuesday intern op 4th Dec blitz 2018 (1)}) 13. g3 Ne6 14. Bg2 O-O 15. d3 Bh7 16. Nd2 Qc7 17. O-O Rad8 18. Rb1 Nd4 19. b4 Nb7 20. Nf3 Nxc2 {[%emt 0:00:30][%mdl 64] Decoy} 21. Qxc2 {[%emt 0:00:30] Threatens to win with Ne1.} Bxd3 {[%emt 0:00:30] [#]} 22. Qb3 e4 23. Ne1 (23. Bf4 $6 Bd6 $14) 23... Bxb1 24. Nxb1 a5 25. bxa5 Nxa5 26. Qa4 f5 27. Nc2 c5 28. Nc3 {[%emt 0:00:30] Ne3 is the strong threat.} Nc6 29. Qc4+ Kh7 (29... Kh8 $16 {was worth a try.}) 30. Bf4 $18 Ne5 31. Qe6 Bd6 32. Nb5 Qf7 33. Qxf7 Nxf7 34. Nxd6 Nxd6 35. Rb1 {[%emt 0:00:30] Repels Nb5. Strongly threatening Ne3.} Nc4 36. Rb7 Ra8 (36... Kg8 $142 37. a4 Rd3) 37. Bf1 Na5 38. Rb5 Nc6 39. Bc4 g5 40. Bc7 ({But not} 40. hxg5 $6 hxg5 41. Bd6 (41. Bxg5 Ne5 $16) (41. Rxc5 gxf4 42. Rxc6 Rfc8 $14) 41... Rfd8 $18) (40. Rxc5 gxf4 41. Rxc6 Rfc8 $16) 40... Rfc8 41. Bd6 {[%emt 0:00:30] And now Ne3 would win. This pair of bishops is nice.} Nd4 $2 (41... Rd8) 42. Rb7+ (42. Rxc5 $2 {perishes.} Nf3+ 43. Kg2 Rxc5 44. Bxc5 Rc8 45. hxg5 hxg5 $19) 42... Kg6 43. Ne3 {[%emt 0:00:30][%cal Oh4h5] [#] Threatening mate with h5+!} f4 44. h5+ {[%emt 0:00:30][%mdl 64] Decoy. Artfully played by Nigmatov.   Weighted Error Value: White=0.09 (flawless) /Black=0.35} 1-0